 Dungeon Crawl Stone Soup version 0.18-a0-19-g8b99b3a (webtiles) character file.

78 Ijustatesigmund the Sneak (level 4, -2/27 HPs)
             Began as a Halfling Artificer on Nov 1, 2015.
             Asphyxiated
             ... on level 3 of the Dungeon.
             The game lasted 00:04:44 (2329 turns).

Ijustatesigmund the Sneak (Halfling Artificer)      Turns: 2329, Time: 00:04:48

Health: -2/27      AC:  3    Str: 11    XL:     4   Next: 61%
Magic:  6/6        EV: 14    Int: 11    God:
Gold:   102        SH:  0    Dex: 15    Spells: 0 memorised, 3 levels left

rFire  . . .     SeeInvis .     a - +0 short sword
rCold  . . .     Clarity  .     b - +0 leather armour
rNeg   . . .     SustAt   .     (shield restricted)
rPois  .         Gourm    .     (no helmet)
rElec  .         Spirit   .     (no cloak)
rCorr  .         Warding  .     (no gloves)
rMut   .         Stasis   .     (no boots)
MR     .....                    (no amulet)
Stlth  +++.......               (no ring)
                                (no ring)

@: lethally poisoned (-2 -> -13), not resistant to hostile enchantments, fairly
stealthy
A: mutation resistance 1
a: no special abilities


You were on level 3 of the Dungeon.
You were not hungry.

You visited 1 branch of the dungeon, and saw 3 of its levels.

You collected 102 gold pieces.

Inventory:

Hand Weapons
 a - a +0 short sword (weapon)
 h - a +2 short sword of distortion
 p - a +0 hunting sling
Missiles
 i - 70 stones (quivered)
Armour
 b - a +0 leather armour (worn)
Wands
 c - a wand of flame (15)
 d - a wand of enslavement (15)
 e - a wand of random effects (15)
Scrolls
 g - 2 scrolls of teleportation
 j - 2 scrolls of blinking
 q - a scroll of immolation
Potions
 l - 5 potions of curing
 m - a potion of agility {unknown}
 n - a potion of heal wounds {unknown}
Comestibles
 f - 2 bread rations
 k - 3 fruits
 r - a royal jelly
 s - a slice of pizza
 t - a beef jerky


   Skills:
 - Level 0.8 Fighting
 - Level 1.3 Short Blades
 + Level 2.6 Slings
 - Level 2.1 Dodging
 + Level 4.2 Stealth
 - Level 3.0 Evocations


You had 3 spell levels left.
You didn't know any spells.

Dungeon Overview and Level Annotations

Branches:
Dungeon (3/15)

Altars:
The Shining One


Innate Abilities, Weirdness & Mutations

You are small and have problems with some larger weapons.
You are somewhat resistant to further mutation.


Message History

The orc hits you with a flail!
You barely miss the orc. The orc hits you with a flail.
The orc hits you with a flail!
* * * LOW HITPOINT WARNING * * *
The orc barely misses you.
Read which item? (? for menu, Esc to quit)
As you read the scroll of teleportation, it crumbles to dust.
You feel strangely unstable. The orc barely misses you.
Found a stone staircase leading up.
Found a scroll of identify.
Your surroundings suddenly seem different.
Found 11 gold pieces and a hand axe.
Found a stone staircase leading down.
A gnoll and a kobold come into view.
The kobold shouts!
The kobold wields a blowgun.
The kobold shoots a curare-tipped needle.
The curare-tipped needle hits you.
You are lethally poisoned!
You have difficulty breathing.
You die...

####### #@....#
#..........>
#............
#............
#...K.......$.
#.............g
#..............
#..............


You could see a kobold.

Vanquished Creatures
  4 adders (D:2)
  An adder zombie (D:1)
  A giant gecko (D:2)
  2 orcs (D:3)
  A ball python (D:2)
  4 giant cockroaches
  7 hobgoblins
  2 bats (D:1)
  4 giant newts
  3 goblins (D:1)
  4 jackals (D:2)
  4 kobolds
  6 rats
43 creatures vanquished.

Notes
Turn   | Place    | Note
--------------------------------------------------------------
     0 | D:1      | Ijustatesigmund the Halfling Artificer began the quest for the Orb.
     0 | D:1      | Reached XP level 1. HP: 12/12 MP: 3/3
   238 | D:1      | Reached XP level 2. HP: 7/18 MP: 4/4
  1276 | D:2      | Reached XP level 3. HP: 22/22 MP: 5/5
  1395 | D:2      | Found a glowing golden altar of the Shining One.
  1492 | D:2      | Reached skill level 1 in Slings
  1568 | D:2      | Reached XP level 4. HP: 22/27 MP: 6/6
  1712 | D:2      | Reached skill level 4 in Stealth
  2329 | D:3      | Asphyxiated

Vault maps used:
D:1:      dpeg_arrival_oval
D:2:      tso_metal_star, minmay_item_behind_shaft
D:3:      nicolae_overflow_hidden_temple

Action                   |  1- 3 |  4- 6 || total
-------------------------+-------+-------++-------
Melee: Short sword       |   114 |    13 ||   127
 Fire: Hunting sling     |       |    38 ||    38
  Use: Scroll            |     7 |     3 ||    10
 Stab: Sleeping          |     6 |       ||     6
       Distracted        |     1 |       ||     1
  Eat: Chunk             |     2 |     1 ||     3
       Meat ration       |       |     1 ||     1
